 Dungeon Crawl Stone Soup version 0.29.1-12-g30fa7ad0bf (webtiles) character file.

Game seed: 11446853938634479198

165 wormed the Covert (level 5, -2/47 HPs)
             Began as a Gnoll Delver on Dec 21, 2022.
             Slain by Grinder (9 damage)
             ... on level 2 of the Dungeon.
             The game lasted 00:06:43 (3221 turns).

wormed the Covert (Gnoll Delver)                    Turns: 3221, Time: 00:06:43

Health: -2/47      AC:  4    Str: 11    XL:     5   Next: 46%
Magic:  7/7        EV: 10    Int: 11    God:
Gold:   154        SH:  0    Dex: 14    Spells: 7/7 levels left

rFire   . . .      SeeInvis .   t - +0 dagger
rCold   . . .      Faith    .   (no shield)
rNeg    . . .      Spirit   .   b - +0 leather armour
rPois   .          Reflect  .   d - +0 helmet
rElec   .          Harm     .   (no cloak)
rCorr   .          Rampage  .   (no gloves)
Will    .....                   (no boots)
Stlth   ++++......              (no amulet)
HPRegen 0.15/turn               (no ring)
MPRegen 0.10/turn               (no ring)

@: grasped by roots, constricted
A: fangs 1, strong nose, distributed training
a: no special abilities


You were on level 2 of the Dungeon.
You visited 1 branch of the dungeon, and saw 5 of its levels.

You collected 154 gold pieces.

Inventory:

Hand Weapons
 t - a +0 dagger (weapon)
Armour
 b - a +0 leather armour (worn)
 d - a +0 helmet (worn)
Jewellery
 p - a ring of flight
Wands
 c - a wand of mindburst (9)
 g - a wand of digging (3)
Scrolls
 a - 2 scrolls of identify
 f - a scroll of blinking {unknown}
 h - a scroll of noise {unknown}
 i - 2 scrolls of poison {unknown}
 j - a scroll of vulnerability {unknown}
 k - 3 scrolls of magic mapping
 m - a scroll of amnesia {unknown}
 n - a scroll of teleportation {unknown}
 r - a scroll of enchant weapon {unknown}
Potions
 l - a potion of heal wounds
 o - a potion of invisibility
 q - a potion of brilliance {unknown}
 s - 2 potions of curing {unknown}


   Skills:
 + Level 6.7 Fighting
 + Level 4.8 Short Blades
 + Level 1.6 Long Blades
 + Level 1.6 Axes
 + Level 1.6 Maces & Flails
 + Level 1.6 Polearms
 + Level 1.6 Staves
 + Level 1.6 Ranged Weapons
 + Level 1.6 Throwing
 + Level 1.6 Armour
 + Level 4.8 Dodging
 + Level 9.7 Stealth
 + Level 1.6 Shields
 + Level 1.6 Unarmed Combat
 + Level 1.6 Spellcasting
 + Level 1.2 Conjurations
 + Level 1.2 Hexes
 + Level 1.2 Summonings
 + Level 1.2 Necromancy
 + Level 1.2 Translocations
 + Level 1.2 Transmutations
 + Level 1.2 Fire Magic
 + Level 1.2 Ice Magic
 + Level 1.2 Air Magic
 + Level 1.2 Earth Magic
 + Level 1.2 Poison Magic
 + Level 1.8 Invocations
 + Level 1.6 Evocations


You had 7 spell levels left.
You didn't know any spells.
Your spell library contained the following spells:

 Spells                   Type           Power      Damage    Failure   Level
 Call Canine Familiar     Summ           3%         N/A       56%         3
 Portal Projectile        Hex/Tloc       6%         N/A       56%         3
 Leda's Liquefaction      Hex/Erth       1%         N/A       93%         4


Dungeon Overview and Level Annotations

Branches:
Dungeon (5/15)
 Temple: D:4-7

Altars:

Shops:
D:5 :=(

Annotations:
D:2 Grinder


Innate Abilities, Weirdness & Mutations

You have very sharp teeth.
Your uncanny sense of smell can sniff out nearby items.
Your experience applies equally to all skills.


Message History

The grasping roots grab you! The grasping roots constrict you.
The goblin shouts!
The roots grasp on you weakens, but your attempt to escape fails.
Grinder blinks!
The roots lose their grip on you.
There is a stone staircase leading down here.
Grinder says, "There's only one good use for a tongue: cutting it out."
You hit the goblin.
You kill the goblin!
Grinder blinks!
There is a stone staircase leading up here.
There are no items here.
There is a stone staircase leading up here.
Grinder zaps a wand.
The roots erupt in riotous growth!
The grasping roots grab you! The grasping roots constrict you!
You hear a shout!
There is a stone staircase leading up here.
The grasping roots constrict you!
You escape the roots grasp.
Grinder hits you but does no damage.
You climb upwards.
There is a stone staircase leading down here.
You hit Grinder.
Grinder is lightly wounded.
Grinder hits you.
You writhe in agony.
You hit Grinder.
Grinder is lightly wounded.
You hit Grinder. You bite Grinder, but do no damage.
Grinder is lightly wounded.
Grinder zaps a wand.
The roots erupt in riotous growth!
The grasping roots grab you!
Grinder is unaffected.
The grasping roots constrict you.
You hit Grinder but do no damage.
Grinder is lightly wounded.
Grinder closely misses you. The grasping roots constrict you!
* * * LOW HITPOINT WARNING * * *
You barely miss Grinder. You bite Grinder, but do no damage.
Grinder is lightly wounded.
Grinder hits you!
You die...

....##.#....#..#.#'###....#.#.##.
....##.#....#..#.#.# ###..#.#.##.
....##.#.......#.#.#####..#.#.##.
....##.#.......#.#........#.#.##.
######.#.####..#.######..##.#.##.
#.#.# #...............#†...
######.#.####......#############.
....##†#.........#<..............
..........###.#5@#.#############.
................##............##.
.........(#####.##.##########.##.
..........#####.##.# #.##.
...................# #.##.
#########.......#### #.##. ....#
#..........# #.##. ....#
#.......##.# #.##. ....#
#.......##.# #...)


You could see Grinder.

Vanquished Creatures
  A jelly (D:4)
  An orc priest (D:2)
  An iguana (D:5)
  2 adders
  2 dart slugs
  4 orcs
  3 ball pythons
  8 endoplasms
  3 giant cockroaches (D:2)
  5 goblins
  8 hobgoblins
  3 jackals (D:1)
  4 kobolds
  4 bats (D:1)
  2 frilled lizards (D:2)
  3 rats
54 creatures vanquished.

Notes
Turn   | Place    | Note
-------+----------+-------------------------------------------
     0 | D:5      | Reached skill level 9 in Stealth
     0 | D:5      | wormed the Gnoll Delver began the quest for the Orb.
     0 | D:5      | Reached XP level 1. HP: 23/23 MP: 1/1
    11 | D:5      | Found Qicrymeu's Book Shop.
    11 | D:5      | Noticed an iguana
    15 | D:5      | Killed an iguana
    16 | D:5      | Reached XP level 2. HP: 29/29 MP: 2/2
    84 | D:5      | Reached XP level 3. HP: 19/35 MP: 2/4
   284 | D:5      | Found Ytaoddai's Antique Weapon Emporium.
   306 | D:5      | Found Muheach's Jewellery Shop.
   321 | D:4      | Reached skill level 1 in Long Blades
   321 | D:4      | Reached skill level 1 in Axes
   321 | D:4      | Reached skill level 1 in Maces & Flails
   321 | D:4      | Reached skill level 1 in Polearms
   321 | D:4      | Reached skill level 1 in Staves
   321 | D:4      | Reached skill level 1 in Ranged Weapons
   321 | D:4      | Reached skill level 1 in Throwing
   321 | D:4      | Reached skill level 1 in Armour
   321 | D:4      | Reached skill level 1 in Shields
   321 | D:4      | Reached skill level 1 in Unarmed Combat
   321 | D:4      | Reached skill level 1 in Spellcasting
   321 | D:4      | Reached skill level 1 in Invocations
   321 | D:4      | Reached skill level 1 in Evocations
   321 | D:4      | Reached XP level 4. HP: 41/41 MP: 5/5
   344 | D:4      | Noticed a phantom
   364 | D:4      | Noticed an ogre
   379 | D:4      | Noticed a scorpion
   697 | D:3      | Noticed Grinder
  1103 | D:2      | Reached skill level 1 in Conjurations
  1103 | D:2      | Reached skill level 1 in Hexes
  1103 | D:2      | Reached skill level 1 in Summonings
  1103 | D:2      | Reached skill level 1 in Necromancy
  1103 | D:2      | Reached skill level 1 in Translocations
  1103 | D:2      | Reached skill level 1 in Transmutations
  1103 | D:2      | Reached skill level 1 in Fire Magic
  1103 | D:2      | Reached skill level 1 in Ice Magic
  1103 | D:2      | Reached skill level 1 in Air Magic
  1103 | D:2      | Reached skill level 1 in Earth Magic
  1103 | D:2      | Reached skill level 1 in Poison Magic
  1236 | D:2      | You fall into a shaft and drop 1 floor!
  1349 | D:2      | Found a faded altar of an unknown god.
  2344 | D:1      | Reached XP level 5. HP: 38/47 MP: 7/7
  3221 | D:2      | Slain by Grinder

Illustrated notes

Levels and vault maps discovered:
D:1:      heliophobic_arrival_ceremonial_halls, layout_basic,
          serial_bayou_pond_a
D:2:      layout_basic, shapermc_ecumenical_altar_venn
D:3:      layout_rooms, patterned_corridor, uniq_grinder
D:4:      layout_rooms, minmay_shop_damaged, corexii_checkpoint_a,
          nicolae_figureground_sparkle
D:5:      layout_rooms, serial_shops, nicolae_stop_n_shop_2,
          kennysheep_little_box, nicolae_shop_statue_plus

Skill      XL: |  1  2  3  4 |
---------------+-------------+-----
Stealth        | |  9.7
Long Blades    | 1 |  1.6
Axes           | 1 |  1.6
Maces & Flails | 1 |  1.6
Polearms       | 1 |  1.6
Staves         | 1 |  1.6
Ranged Weapons | 1 |  1.6
Throwing       | 1 |  1.6
Armour         | 1 |  1.6
Shields        | 1 |  1.6
Unarmed Combat | 1 |  1.6
Spellcasting   | 1 |  1.6
Invocations    | 1 |  1.8
Evocations     | 1 |  1.6
Conjurations   | 1 |  1.2
Hexes          | 1 |  1.2
Summonings     | 1 |  1.2
Necromancy     | 1 |  1.2
Translocations | 1 |  1.2
Transmutations | 1 |  1.2
Fire Magic     | 1 |  1.2
Ice Magic      | 1 |  1.2
Air Magic      | 1 |  1.2
Earth Magic    | 1 |  1.2
Poison Magic   | 1 |  1.2
Fighting       | |  6.7
Short Blades   | |  4.8
Dodging        | |  4.8

Action                   |  1- 3 |  4- 6 || total
-------------------------+-------+-------++-------
Melee: Short sword       |    13 |    51 ||    64
       Bite              |     1 |    20 ||    21
       Dagger            |       |   112 ||   112
  Use: Scroll            |     1 |     5 ||     6
       Potion            |       |     3 ||     3
 Stab: Sleeping          |     2 |    20 ||    22
Armor: Leather armour    |     1 |    39 ||    40
Dodge: Dodged            |     5 |   131 ||   136
